 Seeded DCSS version 0.29.1-15-g9cfb28693d (webtiles) character file.

Game seed: 8848703615492432762 (custom seed)

611 Psyclone the Fighter (level 7, 56/56 HPs)
             Began as a Deep Elf Conjurer on Sept 24, 2023.
             Quit the game on level 2 of the Dungeon.
             The game lasted 00:04:43 (2525 turns).

Psyclone the Fighter (Deep Elf Conjurer)            Turns: 2525, Time: 00:04:43

Health: 56/56      AC:  2    Str:  4    XL:     7   Next: 20%
Magic:  17/17      EV: 12    Int: 25    God:
Gold:   97         SH:  0    Dex: 13    Spells: 14/17 levels left

rFire   . . .      SeeInvis .   h - +0 dagger
rCold   . . .      Faith    .   (no shield)
rNeg    . . .      Spirit   .   a - +0 robe
rPois   .          Reflect  .   (no helmet)
rElec   .          Harm     .   (no cloak)
rCorr   .          Rampage  .   (no gloves)
Will    .....                   (no boots)
Stlth   ++........              (no amulet)
HPRegen 0.18/turn               (no ring)
MPRegen 0.15/turn               (no ring)

@: on berserk cooldown
A: no striking features
a: no special abilities


You were on level 2 of the Dungeon.
You visited 1 branch of the dungeon, and saw 2 of its levels.

You collected 97 gold pieces.

Inventory:

Hand Weapons
 h - a +0 dagger (weapon)
Armour
 a - a +0 robe (worn)
Scrolls
 c - 2 scrolls of teleportation {unknown}
 e - a scroll of noise {unknown}
 i - a scroll of enchant armour {unknown}
 k - a scroll of summoning {unknown}
 l - a scroll of silence {unknown}
Potions
 b - a potion of magic
 g - 2 potions of curing {unknown}
 j - 2 potions of brilliance {unknown}


   Skills:
 - Level 12.6 Fighting
 - Level 2.4 Dodging
 - Level 2.4 Stealth
 + Level 5.6 Spellcasting
 + Level 5.9 Conjurations


You had 14 spell levels left.
You knew the following spells:

 Your Spells              Type           Power      Damage    Failure   Level
a - Magic Dart            Conj           100%       1d8       1%          1
b - Searing Ray           Conj           72%        2d7       1%          2

Your spell library contained the following spells:

 Spells                   Type           Power      Damage    Failure   Level
 Static Discharge         Conj/Air       21%        3-6/arc   3%          2
 Dazzling Flash           Conj/Hex       42%        N/A       7%          3
 Scorch                   Fire           14%        2d6       12%         2
 Sublimation of Blood     Necr           7%         N/A       12%         2
 Flame Wave               Conj/Fire      21%        2d8       22%         4
 Fulminant Prism          Conj/Hex       10%        3d9       22%         4
 Iskenderun's Mystic Bla  Conj/Tloc      21%        2d6       22%         4
 Sticky Flame             Conj/Fire      21%        2d4       22%         4
 Anguish                  Hex/Necr       3%         N/A       61%         4
 Animate Dead             Necr           7%         N/A       61%         4
 Dispel Undead            Necr           7%         3d8       61%         4
 Summon Cactus Giant      Summ           3%         N/A       100%        6
 Borgnjor's Revivificati  Necr           3%         N/A       100%        8


Dungeon Overview and Level Annotations

Branches:
Dungeon (2/15) Zot: 9463

Altars:


Message History

You now have 14/15 mp.
Casting: Magic Dart (safe; 1% risk of failure)
Confirm with . or Enter, or press ? or * to list all spells.
Aiming: Searing Ray (safe; 1% risk of failure)
Press: ? - help, Shift-Dir - straight line, f/p - kobold
Aim: a kobold, wielding a +0 short sword and quivering stones (heavily wounded, 76% to hit)
The searing ray hits the kobold!
You kill the kobold! (Press . to maintain the ray.)
You now have 12/15 mp.
You now have 11/15 mp.
You now have 97 gold pieces (gained 12).
You see here the felid skeleton of Natasha.
Done exploring.
MP restored: 15 Done exploring.
It was a potion of berserk rage.
A red film seems to cover your vision as you go berserk!
You feel yourself moving faster!
You feel mighty!
You now have 42/42 hp.
You start waiting.
You feel a strong urge to attack something.
You start waiting.
You feel your anger nearly subside.
You start waiting.
You are no longer berserk.
You are exhausted.
You feel yourself slow down.
You now have 28/28 hp.
You start waiting.
You feel yourself speed up.
It was a potion of experience.
You feel more experienced!
Your Fighting skill gained 10 levels and is now at level 10!
You have reached level 6!
Health restored: 48; MP restored: 16 You feel more experienced!
Your Fighting skill gained 2 levels and is now at level 12!
You have reached level 7!
Health restored: 56; MP restored: 17 Are you sure you want to abandon this character and quit the game? (Confirm with "yes".)

.######.# #.# ##'##...........###
.# #.# #.####.##.#########.... .#
#.###.#...~##.# #..........
.######...#.#.~~~##.###.#########
.....####.#.#.~###......# #
...#.# #.#.#'##.##.##### ##
.#.#.# #.#.#.##.##.# #. .#.#.#
#.....##.##.# ####. .#.#.#
#.......@##.#### #.<.. ##.#.#
#....#####.....# #.#.. .....#
#.#.## #.....# #.#.. ##.#.# #.#.#
#.....# #.#.# #.#.####.#.##
#.....# #.#.#
##...........#####.....# #....
.....######..........### ###.#
###.## ##.#######.# #.# ....# #.#
#.# #####.#


There were no monsters in sight!

Vanquished Creatures
  Natasha (thrice) (D:2)
  3 adders (D:2)
  3 worms (D:2)
  A dart slug (D:1)
  5 endoplasms
  A giant cockroach (D:1)
  6 goblins
  4 hobgoblins
  2 jackals (D:1)
  A quokka (D:1)
  5 ball pythons
  4 bats
  2 frilled lizards (D:1)
  5 kobolds
  7 rats
52 creatures vanquished.

Notes
Turn   | Place    | Note
-------+----------+-------------------------------------------
     0 | D:1      | Psyclone the Deep Elf Conjurer began the quest for the Orb.
     0 | D:1      | Reached XP level 1. HP: 10/10 MP: 6/6
   289 | D:1      | Reached XP level 2. HP: 15/15 MP: 5/8
   319 | D:1      | Learned a level 2 spell: Searing Ray
   649 | D:1      | Reached skill level 5 in Conjurations
   649 | D:1      | Reached XP level 3. HP: 19/19 MP: 7/10
   993 | D:2      | Got the Catalogue of Evil and the Blaze
  1419 | D:2      | Reached XP level 4. HP: 24/24 MP: 9/12
  1448 | D:2      | Noticed Natasha
  1454 | D:2      | Killed Natasha
  1455 | D:2      | Reached skill level 5 in Spellcasting
  1755 | D:2      | Noticed Natasha
  1865 | D:2      | Killed Natasha
  2158 | D:2      | Noticed Natasha
  2165 | D:2      | Killed Natasha
  2166 | D:2      | Reached XP level 5. HP: 28/28 MP: 10/15
  2523 | D:2      | Reached skill level 10 in Fighting
  2523 | D:2      | Reached XP level 6. HP: 48/48 MP: 16/16
  2524 | D:2      | Reached skill level 12 in Fighting
  2524 | D:2      | Reached XP level 7. HP: 56/56 MP: 17/17
  2525 | D:2      | Quit the game

Illustrated notes

Levels and vault maps discovered:
D:1:      minmay_arrival_widening_spiral_wide, layout_basic
D:2:      layout_loops_ring, kennysheep_nondescript, uniq_natasha

Skill      XL: |  1  2  3  4  5  6 |
---------------+-------------------+-----
Spellcasting   | 4 5 |  5.6
Conjurations   | 5 |  5.9
Fighting       | 10 12 | 12.6
Dodging        | |  2.4
Stealth        | |  2.4

Action                   |  1- 3 |  4- 6 |  7- 9 || total
-------------------------+-------+-------+-------++-------
 Cast: Magic Dart        |    69 |     9 |       ||    78
       Searing Ray       |     1 |     9 |       ||    10
  Use: Potion            |       |     3 |       ||     3
Armor: Robe              |     1 |       |       ||     1
Dodge: Dodged            |     7 |     1 |       ||     8
